 Dungeon Crawl Stone Soup version 0.30.0-15-g856e2d3f33 (webtiles) character file.

Game seed: 15200100777890414729

24 jtron the Stinger (level 2, -2/13 HPs)
             Began as a Spriggan Venom Mage on May 18, 2023.
             Slain by a kobold
             ... wielding a +0 dagger
              (4 damage)
             ... on level 1 of the Dungeon.
             The game lasted 00:01:47 (434 turns).

jtron the Stinger (Spriggan Venom Mage)              Turns: 434, Time: 00:01:48

Health: -2/13      AC:  2    Str:  4    XL:     2   Next: 79%
Magic:  1/7        EV: 17    Int: 16    God:
Gold:   0          SH:  0    Dex: 15    Spells: 4/7 levels left

rFire   . . .        a - +0 short sword
rCold   . . .        (no shield)
rNeg    . . .        c - +0 robe
rPois   .            (helmet restricted)
rElec   .            (no cloak)
rCorr   .            (gloves unavailable)
SInv    +            (boots unavailable)
Will    .....        (no amulet)
Stlth   ++           (no ring)
HPRegen 0.22/turn    (no ring)
MPRegen 0.10/turn

%: no passive effects
@: very slightly contaminated, hasted, very quick
A: very small, no large weapons, unfitting armour, see invisible, speed 3
a: no special abilities


You were on level 1 of the Dungeon.
You visited 1 branch of the dungeon, and saw 1 of its levels.

Inventory:

Hand Weapons
 a - a +0 short sword (weapon)
Armour
 c - a +0 robe (worn)
Jewellery
 d - a ring of fire
Potions
 b - a potion of magic
 f - a potion of curing {unknown}


   Skills:
 + Level 3.0 Dodging
 + Level 3.1 Stealth
 + Level 3.2 Spellcasting
 + Level 1.6 Transmutations
 + Level 3.5 Poison Magic


You had 4 spell levels left.
You knew the following spells:

 Your Spells              Type           Power      Damage    Failure   Level
a - Sting                 Tmut/Pois      40%        1d5       6%          1
b - Poisonous Vapours     Pois/Air       16%        N/A       14%         2

Your spell library contained the following spells:

 Spells                   Type           Power      Damage    Failure   Level
 Mephitic Cloud           Conj/Pois/Air  6%         N/A       34%         3
 Olgreb's Toxic Radiance  Pois           13%        N/A       38%         4


Dungeon Overview and Level Annotations

Branches:
Dungeon (1/15)

Altars:


Innate Abilities, Weirdness & Mutations

You are very small and have problems with some larger weapons.
You are too small for most types of armour.
You have supernaturally acute eyesight. (SInv)
You cover ground extremely quickly. (Speed+++)


Message History

It was a potion of haste.
You feel yourself speed up.
The endoplasm hits you but does no damage.
You hit the endoplasm.
The endoplasm is heavily wounded.
The endoplasm misses you.
Casting: Poisonous Vapours (safe; 14% risk of failure)
Confirm with . or Enter, or press ? or * to list all spells.
Aiming: Sting (safe; 7% risk of failure)
Press: ? - help, Shift-Dir - straight line, f - endoplasm
Aim: an endoplasm (heavily wounded, 98% to hit)
The sting hits the endoplasm.
The endoplasm partially resists.
The endoplasm is severely wounded.
Casting: Sting (safe; 7% risk of failure)
Confirm with . or Enter, or press ? or * to list all spells.
Aiming: Sting (safe; 7% risk of failure)
Press: ? - help, Shift-Dir - straight line, f/p - endoplasm
Aim: an endoplasm (severely wounded, 98% to hit)
You miscast Sting.
You are very lightly contaminated with residual magic.
Nothing appears to happen.
The endoplasm freezes you.
You are frozen.
* * * LOW HITPOINT WARNING * * *
You hit the endoplasm.
You kill the endoplasm!
You hit the kobold.
The kobold is heavily wounded.
Casting: Sting (safe; 6% risk of failure)
Confirm with . or Enter, or press ? or * to list all spells.
Aiming: Sting (safe; 6% risk of failure)
Press: ? - help, Shift-Dir - straight line, f - kobold
Aim: a kobold, wielding a +0 dagger (heavily wounded, 64% to hit)
The sting misses the kobold.
The sting hits the ball python.
The ball python is poisoned.
You kill the ball python!
The kobold hits you but does no damage.
You closely miss the kobold.
The kobold is heavily wounded.
The kobold hits you with a +0 dagger.
You die...

####.).#♣... #...#~.P.
#...#~PPP #.. ##..#~.P.
#..###...#~~~♣
#####........#####
...##...##.......
.##.#####.###..###......
.....gK@...........#.†..
###.#####.##.#..........
#.##.......#....
..#####....†....
..##...#....#....
.###.............. ..
#............#.. ..
#............#..
#............###


You could see a hobgoblin and a kobold.

Vanquished Creatures
  2 dart slugs (D:1)
  2 ball pythons (D:1)
  An endoplasm (D:1)
  A giant cockroach (D:1)
  2 goblins (D:1)
  2 hobgoblins (D:1)
  3 jackals (D:1)
  A kobold (D:1)
  A bat (D:1)
  A frilled lizard (D:1)
  2 rats (D:1)
18 creatures vanquished.

Notes
Turn   | Place    | Note
-------+----------+-------------------------------------------
     0 | D:1      | jtron the Spriggan Venom Mage began the quest for the Orb.
     0 | D:1      | Reached XP level 1. HP: 9/9 MP: 5/5
   158 | D:1      | Reached XP level 2. HP: 12/13 MP: 0/6
   276 | D:1      | Learned a level 2 spell: Poisonous Vapours
   434 | D:1      | Slain by a kobold

Illustrated notes

Levels and vault maps discovered:
D:1:      ldierk_walled_garden, layout_rooms, st_stairs_10,
          hangedman_glass_teeth, serial_bayou_pond_e,
          chequers_serial_rivers_room_b, wander_ebering_terrifying_dragon_lair

Skill      XL: |  1  2 |
---------------+-------+-----
Spellcasting   | 3 |  3.2
Dodging        | 3 |  3.0
Stealth        | |  3.1
Transmutations | |  1.6
Poison Magic   | |  3.5

Action                     || total
---------------------------++-------
  Melee: Short sword       ||    25
   Cast: Sting             ||    21
         Poisonous Vapours ||     4
    Use: Potion            ||     1
 Armour: Robe              ||     3
  Dodge: Dodged            ||    21
